 Dungeon Crawl Stone Soup version 0.24-a0-279-ga7546fe674 (webtiles) character file.

Game seed: 5179879039686687661

42 Niddhogr the Magician (level 3, 0/24 HPs)
             Began as a Formicid Wizard on May 1, 2019.
             Slain by a goblin
             ... wielding a +0 dagger
             ... led by Robin
              (3 damage)
             ... on level 2 of the Dungeon.
             The game lasted 00:03:33 (1482 turns).

Niddhogr the Magician (Formicid Wizard)             Turns: 1482, Time: 00:03:33

Health: 0/24       AC:  2    Str: 11    XL:     3   Next: 80%
Magic:  7/7        EV: 14    Int: 18    God:
Gold:   54         SH:  0    Dex:  9    Spells: 1/8 levels left

rFire    . . .     SeeInvis +   o - +2 dagger (speed)
rCold    . . .     Gourm    +   (no shield)
rNeg     . . .     Faith    .   a - +0 robe
rPois    +         Spirit   .   (helmet unavailable)
rElec    .         Reflect  .   (no cloak)
rCorr    .         Harm     .   (no gloves)
MR       .....                  (no boots)
Stlth    ++........             k - amulet of the gourmand
HPRegen  0.08/turn              j - ring of poison resistance
MPRegen  0.10/turn              l - +2 ring of evasion

@: no status effects
A: permanent stasis, dig shafts and tunnels, four strong arms, antennae 3
a: Dig, Shaft Self


You were on level 2 of the Dungeon.
You were not hungry.

You visited 1 branch of the dungeon, and saw 2 of its levels.

You collected 54 gold pieces.

Inventory:

Hand Weapons
 h - a +0 spear
 o - a +2 dagger of speed (weapon)
Missiles
 g - 65 arrows
Armour
 a - a +0 robe (worn)
Jewellery
 j - a ring of poison resistance (left hand)
 k - an amulet of the gourmand (around neck)
 l - a +2 ring of evasion (right hand)
Scrolls
 e - a scroll of remove curse {unknown}
 i - a scroll of enchant armour {unknown}
 n - 2 scrolls of identify {unknown}
Potions
 b - a potion of haste {unknown}
 d - a potion of flight {unknown}
 f - a potion of lignification {unknown}
 m - a potion of curing {unknown}
Comestibles
 c - 3 rations


   Skills:
 + Level 1.1 Polearms
 - Level 1.7 Dodging
 - Level 2.4 Stealth
 - Level 3.2 Spellcasting
 * Level 2.7 Conjurations
   Level 1.0 Summonings
   Level 0.8 Translocations


You had one spell level left.
You knew the following spells:

 Your Spells              Type           Power        Failure   Level  Hunger
a - Magic Dart            Conj           ##..         5%          1    None
b - Mephitic Cloud        Conj/Pois/Air  #.......     32%         3    ###....
c - Conjure Flame         Conj/Fire      #.......     26%         3    ###....

Your spell library contained the following spells:

 Spells                   Type           Power        Failure   Level  Hunger
 Call Imp                 Summ           #.......     16%         2    ##.....
 Slow                     Hex            #.......     24%         2    ##.....
 Blink                    Tloc           Unusable     N/A         2    N/A

Dungeon Overview and Level Annotations

Branches:
Dungeon (2/15)

Altars:
Dithmenos

Annotations:
D:2 Robin


Innate Abilities, Weirdness & Mutations

You cannot be hasted, slowed, berserked, paralysed or teleported.
You can dig through walls and to a lower floor.
Your four strong arms can wield two-handed weapons with a shield.
You have a pair of large antennae on your head. (SInv)


Message History

You hit the goblin.
The goblin is severely wounded.
Robin throws the goblin at you! The goblin closely misses you.
The goblin hits you but does no damage. Robin throws the goblin at you!
You hit the goblin.
The goblin is moderately wounded.
The goblin hits you. The goblin hits you but does no damage.
The goblin hits you with a +0 club.
The goblin wields a +0 hunting sling.
The goblin shoots a stone.
The stone closely misses you.
The goblin shoots a stone.
The stone barely misses you. Robin throws the goblin at you!
You see here 2 stones.
You hit the goblin.
The goblin is severely wounded.
The goblin hits you but does no damage.
The goblin unwields a +0 hunting sling.
The goblin completely misses you. The goblin hits you with a +0 club!
* * * LOW HITPOINT WARNING * * *
The goblin hits you with a +0 dagger.
You die...

##.#####.###.# #..#
#.# ##.###.####...
#.####...##.##....#
#.#...().(..(......
#.#.##...##.##....#
#.......###.###.#.#
###.#g##### #.#
#.#.# #...g(# #.#
#.#.#
########..g@g# #.#
#.#.#
.............# #.#
#.#.# #.#
########g....###
#.# #...# ...
.g(g{.g..........
#[.## .##
##########.###### .
#.# .. #.# .# #.#
#.#


You could see Robin, a hobgoblin and 4 goblins.

Vanquished Creatures
  An adder (D:2)
  3 worms (D:2)
  2 dart slugs (D:1)
  A leopard gecko (D:1)
  A bat (D:1)
  4 goblins
  4 hobgoblins
  A quokka (D:2)
  A frilled lizard (D:1)
18 creatures vanquished.

Notes
Turn   | Place    | Note
-------+----------+-------------------------------------------
     0 | D:1      | Niddhogr the Formicid Wizard began the quest for the Orb.
     0 | D:1      | Reached XP level 1. HP: 13/13 MP: 4/4
    75 | D:1      | Reached skill level 1 in Conjurations
   270 | D:1      | Reached XP level 2. HP: 17/19 MP: 6/6
   854 | D:2      | Reached XP level 3. HP: 24/24 MP: 0/7
   883 | D:2      | Found a shadowy altar of Dithmenos.
  1192 | D:2      | Learned a level 3 spell: Mephitic Cloud
  1196 | D:2      | Learned a level 3 spell: Conjure Flame
  1227 | D:2      | Reached skill level 1 in Polearms
  1472 | D:2      | Noticed Robin
  1482 | D:2      | Slain by a goblin

Levels and vault maps discovered:
D:1:      saegor_arrival_simple_c, layout_basic
D:2:      layout_loops_ring, grunt_dithmenos_smoke_and_mirrors, first_ration,
          chequers_avenue, uniq_robin

Skill      XL: |  1  2  3 |
---------------+----------+-----
Conjurations   | 1 2 |  2.7
Polearms       | 1 |  1.1
Dodging        | |  1.7
Stealth        | |  2.4
Spellcasting   | |  3.2
Summonings     | |  1.0
Translocations | |  0.8

Action                   || total
-------------------------++-------
Melee: Hand axe          ||     9
       Spear             ||    59
       Dagger            ||     3
 Cast: Magic Dart        ||    30
 Stab: Sleeping          ||     2
  Eat: Chunk             ||     8
Armor: Robe              ||     4
Dodge: Dodged            ||    27

Table legend:
 A = Non-vault XP
 B = Vault XP
 C = Vault XP percentage of total XP
 D = Non-vault monster count
 E = Vault monster count
 F = Vault count percentage of total count
                 A         B        C        D         E       F
            +---------+---------+-------+---------+---------+-------
      Total |      61 |       0 |   0.0 |      18 |       0 |   0.0
            +---------+---------+-------+---------+---------+-------
        D:1 |      26 |       0 |   0.0 |      11 |       0 |   0.0
        D:2 |      35 |       0 |   0.0 |       7 |       0 |   0.0
            +---------+---------+-------+---------+---------+-------
